 Dungeon Crawl Stone Soup version 0.27-a0-931-g5a74e75d8f (webtiles) character file.

Game seed: 10801690012512279339

71 polve the Slasher (level 4, -2/35 HPs)
             Began as a Demonspawn Abyssal Knight on Apr 10, 2021.
             Was a Believer of Lugonu.
             Slain by a gnoll
             ... wielding a +0 spear
              (3 damage)
             ... on level 2 of the Dungeon.
             The game lasted 00:01:55 (2638 turns).

polve the Slasher (Demonspawn Abyssal Knight)       Turns: 2638, Time: 00:01:55

Health: -2/35      AC: 10    Str: 12    XL:     4   Next: 5%
Magic:  5/5        EV:  2    Int: 15    God:    Lugonu [**....]
Gold:   88         SH:  4    Dex: 12    Spells: 3/3 levels left

rFire    . . .     SeeInvis .   a - +1 falchion
rCold    . . .     Faith    .   (no shield)
rNeg     . . .     Spirit   .   h - +0 plate armour
rPois    .         Reflect  .   (no helmet)
rElec    .         Harm     .   (no cloak)
rCorr    .         Rampage  .   (no gloves)
Will     .....                  (no boots)
Stlth    ..........             (no amulet)
HPRegen  0.11/turn              (no ring)
MPRegen  0.09/turn              (no ring)

@: no status effects
A: talons 1, condensation shield
a: Renounce Religion, Depart the Abyss, Bend Space


You were on level 2 of the Dungeon.
You worshipped Lugonu.
Lugonu was pleased with you.
You visited 1 branch of the dungeon, and saw 2 of its levels.
You visited the Abyss 1 time.

You collected 88 gold pieces.

Inventory:

Hand Weapons
 a - a +1 falchion (weapon)
Missiles
 d - a throwing net
Armour
 b - a +0 leather armour
 h - a +0 plate armour (worn)
Scrolls
 c - 3 scrolls of identify {unknown}
 e - 2 scrolls of teleportation {unknown}
 i - a scroll of blinking {unknown}
Potions
 f - 2 potions of curing {unknown}
 g - a potion of brilliance {unknown}
 j - a potion of ambrosia {unknown}


   Skills:
 - Level 3.0 Fighting
 + Level 4.0 Long Blades
 - Level 1.7 Armour
 - Level 0.8 Dodging
 - Level 2.4 Invocations


You had 3 spell levels left.
You didn't know any spells.
Your spell library contained the following spells:

 Spells                   Type           Power      Damage    Failure   Level
 Beastly Appendage        Tmut           0%         N/A       100%        1
 Wereblood                Tmut           0%         N/A       100%        2
 Spider Form              Tmut/Pois      0%         N/A       100%        3
 Ice Form                 Ice/Tmut       0%         N/A       100%        4
 Hydra Form               Tmut           0%         N/A       100%        5


Dungeon Overview and Level Annotations

Branches:
Dungeon (2/15)

Altars:

Shops:
D:1 =


Innate Abilities, Weirdness & Mutations

You have sharp toenails.
A meltable shield of frost defends you. (SH +4)


Message History

You are too injured to fight recklessly!
You are too injured to fight recklessly!
You are too injured to fight recklessly!
You completely miss the bat. You claw the bat.
You kill the bat!
Lugonu accepts your kill.
The gnoll hits you from afar with a +0 spear.
You block the gnoll's attack. The gnoll hits you but does no damage.
You swing at nothing.
The gnoll hits you but does no damage. The gnoll hits you with a +0 spear.
The gnoll hits you but does no damage. You block the gnoll's attack.
You hit the gnoll. You claw the gnoll, but do no damage.
The gnoll is moderately wounded.
You block the gnoll's attack.
The gnoll hits you from afar with a +0 spear.
* * * LOW HITPOINT WARNING * * *
The gnoll hits you but does no damage.
You hit the gnoll.
The gnoll is moderately wounded.
The gnoll hits you with a +0 spear.
* * * LOW HITPOINT WARNING * * *
The gnoll hits you from afar with a +0 spear.
* * * LOW HITPOINT WARNING * * *
The gnoll hits you from afar with a +0 spear.
* * * LOW HITPOINT WARNING * * *
Your plate armour prevents you from hitting the gnoll.
The gnoll is moderately wounded.
You block the gnoll's attack.
The gnoll hits you from afar with a +0 spear.
* * * LOW HITPOINT WARNING * * *
The gnoll hits you but does no damage. The gnoll hits you with a +0 spear.
* * * LOW HITPOINT WARNING * * *
Your plate armour prevents you from hitting the gnoll.
You claw the gnoll.
The gnoll is heavily wounded.
The gnoll hits you but does no damage. You block the gnoll's attack. x2
The gnoll hits you from afar with a +0 spear.
* * * LOW HITPOINT WARNING * * *
The gnoll hits you from afar with a +0 spear.
You die...

#.##........#........# #
S...........#..##.#..#..
#.#....#................
.......g....#..#..#..#
####.................#
#......g###)ggr...#
########...##g#####
#.#>##.# ####g#.##@#
#### #....#....# #..
..#. #<#######.# #.#
#.#.# #....#....###.#
#....####
.....#.#......#
.........
#####.#.#.####.#
.#.#..>###
...#.####.#....##..##
####>#..............##
#.#.##.#....## #...


You could see 3 gnolls and a quokka.

Vanquished Creatures
  A gnoll (D:1)
  An adder (D:1)
  A worm (D:2)
  A dart slug (D:1)
  3 endoplasms
  A giant cockroach (D:2)
  A goblin (D:1)
  8 hobgoblins
  5 jackals (D:1)
  5 quokkas
  4 ball pythons (D:1)
  4 bats
  2 frilled lizards (D:1)
  4 kobolds
  2 rats (D:1)
43 creatures vanquished.

Vanquished Creatures (others)
  6 plants (D:1)
6 creatures vanquished.

Grand Total: 49 creatures vanquished

Notes
Turn   | Place    | Note
-------+----------+-------------------------------------------
     0 | Abyss:1  | polve the Demonspawn Abyssal Knight began the quest for the
                  | Orb.
     0 | Abyss:1  | Reached XP level 1. HP: 18/18 MP: 2/2
   130 | Abyss:1  | Noticed a large abomination
   131 | Abyss:1  | Noticed a small abomination
   139 | Abyss:1  | Noticed a water elemental
   142 | D:1      | Escaped the Abyss
   465 | D:1      | Reached skill level 2 in Long Blades
   484 | D:1      | Reached * piety under Lugonu
   590 | D:1      | Gained mutation: A meltable shield of frost defends you.
                  | (SH +4) [demonic ancestry]
   590 | D:1      | Reached XP level 2. HP: 11/24 MP: 3/3
   884 | D:1      | Reached skill level 3 in Long Blades
  1072 | D:1      | Reached XP level 3. HP: 14/29 MP: 4/4
  1430 | D:1      | Found Suecuaj's Jewellery Boutique.
  2003 | D:1      | Reached ** piety under Lugonu
  2278 | D:2      | Gained mutation: You have sharp toenails. [demonic
                  | ancestry]
  2278 | D:2      | Reached XP level 4. HP: 7/35 MP: 5/5
  2595 | D:2      | Reached skill level 4 in Long Blades
  2636 | D:2      | HP: 1/35 [gnoll/+0 spear (2)]
  2638 | D:2      | Slain by a gnoll

Illustrated notes

Levels and vault maps discovered:
D:1:      eino_arrival_water_cross, layout_basic, serial_shops, shop
D:2:      layout_loops_cross, basic_altar

Skill      XL: |  1  2  3  4 |
---------------+-------------+-----
Long Blades    | 2 3 4 |  4.0
Fighting       | |  3.0
Armour         | |  1.7
Dodging        | |  0.8
Invocations    | |  2.4

Action                   |  1- 3 |  4- 6 || total
-------------------------+-------+-------++-------
Melee: Falchion          |   137 |    23 ||   160
       Kick              |       |     6 ||     6
Invok: Depart the Abyss  |     1 |       ||     1
Armor: Leather armour    |    30 |       ||    30
       Plate armour      |    49 |    34 ||    83
Dodge: Dodged            |    62 |     2 ||    64
Block: Other             |    26 |    10 ||    36
       Rpst.: Falchion   |    19 |       ||    19

Table legend: (Time is in decaauts)
 A = Elapsed time spent in this place.
 B = Non-inter-level travel time spent in this place.
 C = Inter-level travel time spent in this place.
 D = Time resting spent in this place.
 E = Time spent auto-exploring this place.
 F = Levels seen in this place.
 G = Mean time per level.
                   A        B        C        D        E       F      G
               +--------+--------+--------+--------+--------+-----+--------+
         Total |   2665 |   2617 |     48 |      0 |   2223 |   3 |  888.3 |
       Dungeon |   2523 |   2475 |     48 |      0 |   2096 |   2 | 1261.5 |
         Abyss |    142 |    142 |      0 |      0 |    127 |   1 |  142.0 |
               +--------+--------+--------+--------+--------+-----+--------+

Top non-repeatable levels by time:
     D:1: 2014 daAuts
     D:2: 509 daAuts
 Abyss:1: 142 daAuts
